 Dungeon Crawl Stone Soup version 0.21.1-1-g345015fe64 (webtiles) character file.

396 Ge0ff the Skirmisher (level 6, -2/38 HPs)
             Began as a Gargoyle Necromancer on Apr 26, 2018.
             Slain by an iguana (9 damage)
             ... on level 3 of the Dungeon.
             The game lasted 00:19:13 (5679 turns).

Ge0ff the Skirmisher (Gargoyle Necromancer)         Turns: 5679, Time: 00:19:13

Health: -2/38      AC:  8    Str: 13    XL:     6   Next: 82%
Magic:  19/19      EV: 12    Int: 16    God:
Gold:   241        SH:  0    Dex: 10    Spells: 5/10 levels left

rFire    . . .     SeeInvis .   a - +2 hand axe (chop)
rCold    . . .     Gourm    .   (no shield)
rNeg     + . .     Faith    .   m - +0 leather armour
rPois    ∞         Spirit   .   X - +0 helmet
rElec    +         Reflect  .   (no cloak)
rCorr    .         Harm     .   (no gloves)
MR       .....                  (no boots)
Stlth    +++.......             (no amulet)
HPRegen  0.12/turn              P - ring of stealth
MPRegen  0.16/turn              V - ring of magical power

@: invisible
A: negative energy resistance 1, electricity resistance, unbreathing,
petrification resistance, rot immunity, AC +4
a: no special abilities


You were on level 3 of the Dungeon.
You were hungry.

You visited 1 branch of the dungeon, and saw 4 of its levels.

You collected 241 gold pieces.

Inventory:

Hand Weapons
 a - a +2 hand axe of chopping (weapon)
 b - a +0 war axe
 Y - a +0 flail
 Z - a cursed -2 blowgun
Missiles
 g - 92 stones (quivered)
 O - a throwing net
 Q - 4 tomahawks
 U - 99 sling bullets
Armour
 m - a +0 leather armour (worn)
 H - a +0 scale mail
 X - a +0 helmet (worn)
Jewellery
 P - a ring of stealth (left hand)
 V - a ring of magical power (right hand)
Scrolls
 i - 2 scrolls of identify
 o - a scroll of enchant weapon {unknown}
 p - a scroll of fear {unknown}
 r - a scroll of immolation {unknown}
 C - 2 scrolls of remove curse
 L - a scroll of fog {unknown}
 M - a scroll of magic mapping
 S - a scroll of enchant armour
 T - a scroll of teleportation
Potions
 j - a potion of magic {!q}
 q - a potion of curing
 K - a potion of haste {unknown}
Books
 N - a book of Alchemy

   Spells                             Type                      Level
   a - Sublimation of Blood           Necromancy                   2
   b - Ignite Poison                  Fire/Transmutation/Poison    3
   c - Petrify                        Transmutation/Earth          4
   d - Alistair's Intoxication        Transmutation/Poison         5
   e - Irradiate                      Conjuration/Transmutation    5
 R - a book of Necromancy

   Spells                             Type                      Level
   a - Pain                           Necromancy                   1
   b - Animate Skeleton               Necromancy                   1
   c - Vampiric Draining              Necromancy                   3
   d - Regeneration                   Charms/Necromancy            3
   e - Animate Dead                   Necromancy                   4
   f - Borgnjor's Vile Clutch         Necromancy/Earth             5
Comestibles
 f - 12 rations


   Skills:
 + Level 3.9 Fighting
 * Level 1.9 Axes
 + Level 2.8 Armour
 - Level 2.0 Dodging
 + Level 3.0 Stealth
 + Level 2.9 Spellcasting
 - Level 1.0 Charms
 + Level 3.5 Necromancy


You had 5 spell levels left.
You knew the following spells:

 Your Spells              Type           Power        Failure   Level  Hunger
a - Pain                  Necr           ##..         5%          1    #......
r - Regeneration          Chrm/Necr      #.........   28%         3    ###....
z - Animate Skeleton      Necr           N/A          5%          1    #......


Dungeon Overview and Level Annotations

Branches:
Dungeon (4/15)
 Temple: D:4-7

Altars:


Innate Abilities, Weirdness & Mutations

You are resistant to torment.
Your stone body is resilient. (AC +4)
You are immune to poison.
You resist negative energy. (rN+)
You are resistant to electric shocks. (rElec)
You can survive without breathing.
You are immune to petrification.
You are immune to rotting.


Message History

Throwing (i - inventory. (,) - cycle):
g - 92 stones (quivered)
Press: ? - help, Shift-Dir - straight line, f - iguana
Aim: an iguana
Okay, then.
Unknown command.
Unknown command.
Things that are here:
a +0 hand axe; a +0 whip; a leather armour The iguana hisses menacingly.
There is a stone staircase leading up here.
The iguana bites you!
* * * LOW HITPOINT WARNING * * *
You climb upwards.
There is a stone staircase leading down here.
A dart slug comes into view.
You feel better. The iguana bites you.
* * * LOW HITPOINT WARNING * * *
You fade into invisibility!
The iguana bites you!
You die...

.P#......#.###.# ###.######.#...
..#......#.# #.# ##...#....#.#...
PP#......#.###.###..#.#.##.#.#...
8##.#.##...........##.#.#..#.#...
.#.......#...#.######.#.#.##.#[..
##..########.#.# #.#.#....#...
##..# #.#.## #.#.######### .#..#
##...l#####.#......# .##.#
#.....@.....######.# P.#.#
#...........#....#.# _⌠#.#
#...........#.##.#.# ..#.#
#...........#.#..#.# .##.#
###########.#.#.##.# .#..#
#.#.#....# ##.## #.#.###### #..#
#...# ..## #####


You could see an iguana.

Vanquished Creatures
  An orc priest (D:4)
  A hound (D:4)
  2 orc wizards (D:4)
  An iguana (D:3)
  Ijyb (D:4)
  A worker ant (D:2)
  Robin (D:4)
  5 adders
  3 gnolls
  An ooze (D:1)
  An adder skeleton (D:4)
  3 worms
  2 dart slugs
  3 leopard geckos
  10 orcs
  A ball python (D:2)
  2 giant cockroaches
  15 goblins
  9 hobgoblins
  2 jackals (D:1)
  8 bats
  7 frilled lizards
  8 kobolds
  A quokka skeleton (D:4)
  14 rats
103 creatures vanquished.

Notes
Turn   | Place    | Note
-------+----------+-------------------------------------------
     0 | D:1      | Ge0ff the Gargoyle Necromancer began the quest for the Orb.
     0 | D:1      | Reached XP level 1. HP: 10/10 MP: 3/3
   100 | D:1      | Reached skill level 1 in Fighting
   333 | D:1      | Reached XP level 2. HP: 7/17 MP: 5/5
  1147 | D:1      | Reached XP level 3. HP: 19/22 MP: 1/6
  1383 | D:1      | Reached skill level 1 in Armour
  2046 | D:2      | Learned a level 3 spell: Regeneration
  2048 | D:2      | Learned a level 1 spell: Animate Skeleton
  2408 | D:2      | Reached XP level 4. HP: 27/27 MP: 5/7
  3325 | D:2      | Reached XP level 5. HP: 24/32 MP: 3/8
  4300 | D:3      | Found a faded altar of an unknown god.
  4637 | D:4      | Reached skill level 1 in Axes
  4637 | D:4      | Reached XP level 6. HP: 36/37 MP: 6/10
  4823 | D:4      | Reached skill level 1 in Charms
  4919 | D:4      | Noticed Robin
  5542 | D:4      | Noticed Ijyb
  5557 | D:4      | Killed Robin
  5571 | D:4      | Killed Ijyb
  5679 | D:3      | Slain by an iguana

Skill      XL: |  1  2  3  4  5  6 |
---------------+-------------------+-----
Fighting       | 1 2 3 |  3.9
Armour         | 1 2 |  2.8
Stealth        | 3 |  3.0
Dodging        | 2 |  2.0
Axes           | 1 |  1.9
Charms         | 1 |  1.0
Spellcasting   | |  2.9
Necromancy     | |  3.5

Action                   |  1- 3 |  4- 6 || total
-------------------------+-------+-------++-------
Melee: Whip              |    41 |    59 ||   100
       Unarmed           |       |    22 ||    22
       Hand axe          |       |    12 ||    12
Throw: Stone             |     4 |    50 ||    54
 Cast: Pain              |    75 |   130 ||   205
       Animate Skeleton  |       |     1 ||     1
  Use: Scroll            |     4 |     6 ||    10
       Potion            |       |     5 ||     5
 Stab: Sleeping          |     2 |       ||     2
  Eat: Chunk             |     6 |    11 ||    17
Armor: Robe              |    20 |    43 ||    63
       Leather armour    |       |     2 ||     2
       Skin              |       |     2 ||     2
Dodge: Dodged            |    48 |    80 ||   128

Vault maps used:
D:1:      dpeg_arrival_simpleton_c, minmay_quantized
D:3:      chequers_ecumenical_altar_lobes, first_ration, patterned_corridor
D:4:      hangedman_abyss_or_decor_stabs, uniq_robin, uniq_ijyb
